[Event "45th FIDE Womens Olympiad 2024"]
[Site "Budapest"]
[Date "2024.09.16"]
[Round "6.1"]
[White "Dronavalli, Harika"]
[Black "Mkrtchian, Lilit"]
[Result "1/2-1/2"]
[ECO "D55"]
[WhiteElo "2502"]
[BlackElo "2366"]
[Annotator "TA"]
[PlyCount "87"]
[EventDate "2024.09.05"]
[EventType "team-tourn"]
[EventCountry "HUN"]
[SourceTitle "playchess.com"]
[Source "ChessBase"]
[SourceQuality "1"]
[WhiteTeam "India"]
[BlackTeam "Armenia"]
[WhiteTeamCountry "IND"]
[BlackTeamCountry "ARM"]
[TimeControl "40/5400+30:1800+30"]

1. Nf3 d5 2. d4 Nf6 3. c4 e6 4. Nc3 Be7 5. Bg5 h6 6. Bxf6 Bxf6 7. e3 O-O 8. Rc1 c6 9. Bd3 Nd7 10. O-O dxc4 11. Bxc4 e5 12. Ne4 exd4 13. Nxf6+ Qxf6 14. Qxd4 Qxd4 15. Nxd4 {[%emt 0:00:56] White has an edge.} Ne5 16. Be2 Bd7 17. Rfd1 Rfd8 18. f3 Kf8 19. Kf2 a5 20. h3 Ng6 21. f4 Rac8 22. Nb3 b6 23. Nd2 Be8 24. Nc4 Rxd1 25. Rxd1 Rb8 26. Bf3 Ne7 27. Ne5 a4 28. g4 {[%emt 0:04:23] White has more active pieces.} ({Better is} 28. Ke2 $16) 28... b5 (28... f6 $11 {remains equal.} 29. Nd7+ Bxd7 30. Rxd7 Ke8) 29. Nd7+ (29. Ke2 $16) 29... Bxd7 $11 30. Rxd7 {[%emt 0:00:03][%mdl 4096] Endgame. KRB-KRN} Ke8 31. Rc7 Kd8 32. Ra7 Rc8 33. g5 hxg5 34. fxg5 Rc7 35. Ra8+ Rc8 (35... Kd7 $14) 36. Rxc8+ $16 Kxc8 {[%emt 0:00:01] KB-KN} 37. h4 g6 38. h5 (38. Kg3 $16) 38... gxh5 $11 {[%emt 0:00:09] The position is equal.} 39. Bxh5 Ng6 40. Kf3 {[%emt 0:02:36] [#] Threatens to win with Ke4.} Kd7 $1 41. Ke4 {[%emt 0:31:25] Hoping for Bxg6.} Ke6 $1 42. Bg4+ Ke7 43. Bh5 {[%emt 0:00:00] Bxg6 is the strong threat.} Ke6 $1 44. Bg4+ {[%emt 0:00:00] Weighted Error Value: White=0.15 (very precise) /Black=0.11 (very precise) .  Mistake:       	White=3     	Black=2      Inaccurate:     	White=2     	Black=2      OK:         	White=14    	Black=4      Best:        	White=1     	Black=8      Strong:       	---       	Black=3} 1/2-1/2

[Event "45th FIDE Womens Olympiad 2024"]
[Site "Budapest"]
[Date "2024.09.16"]
[Round "6.1"]
[White "Mahi, R. Shah"]
[Black "Kaslan, Catherine"]
[Result "1/2-1/2"]
[ECO "E19"]
[WhiteElo "1602"]
[BlackElo "1902"]
[PlyCount "63"]
[EventDate "2024.09.05"]
[EventType "team-tourn"]
[EventCountry "HUN"]
[WhiteTeam "Tanzania"]
[BlackTeam "Suriname"]
[WhiteTeamCountry "TAN"]
[TimeControl "40/5400+30:1800+30"]

1. d4 Nf6 2. c4 e6 3. Nf3 b6 4. g3 Bb7 5. Bg2 Be7 6. O-O O-O 7. Nc3 Ne4 8. Qd3 Nxc3 9. Qxc3 d6 10. Re1 a5 11. Qd3 f5 12. Nd2 Bxg2 13. Kxg2 Nd7 14. b3 Qe8 15. Nf3 Qg6 16. Ng1 Nf6 17. Nh3 e5 18. dxe5 dxe5 19. Bg5 Rad8 20. Qc2 h6 21. Bxf6 Rxf6 22. Red1 Bd6 23. e3 Rdf8 24. f4 e4 25. Qc3 Qg4 26. Ng1 h5 27. Qe1 h4 28. Qe2 Qg6 29. Nh3 Kf7 30. Ng5+ Ke7 31. Qc2 Rh8 32. Rh1 1/2-1/2

[Event "45th FIDE Womens Olympiad 2024"]
[Site "Budapest"]
[Date "2024.09.16"]
[Round "6.2"]
[White "Mkrtchyan, Mariam"]
[Black "Vaishali, Rameshbabu"]
[Result "1/2-1/2"]
[ECO "E11"]
[WhiteElo "2328"]
[BlackElo "2498"]
[Annotator "TA"]
[PlyCount "99"]
[EventDate "2024.09.05"]
[EventType "team-tourn"]
[EventCountry "HUN"]
[SourceTitle "playchess.com"]
[Source "ChessBase"]
[SourceQuality "1"]
[WhiteTeam "Armenia"]
[BlackTeam "India"]
[WhiteTeamCountry "ARM"]
[BlackTeamCountry "IND"]
[TimeControl "40/5400+30:1800+30"]

1. d4 Nf6 2. c4 e6 3. Nf3 Bb4+ 4. Bd2 Qe7 5. g3 Bxd2+ 6. Qxd2 Nc6 7. a3 d5 8. b3 e5 (8... dxc4 $11 9. bxc4 O-O) 9. cxd5 $14 Nxd5 {[%emt 0:06:12] The position is equal.} 10. dxe5 Nb6 11. Qc3 O-O 12. Bg2 Re8 13. O-O Nxe5 14. Nbd2 c6 15. e4 Nxf3+ 16. Nxf3 Bg4 17. h3 Bxf3 18. Bxf3 Rad8 19. Rad1 Qxa3 20. Rxd8 Rxd8 21. Ra1 Qe7 22. Rxa7 Nc8 23. Ra8 Nd6 24. Qa5 Rxa8 25. Qxa8+ Qf8 26. Qxf8+ Kxf8 $11 {[%emt 0:00:03][%mdl 4096] Endgame. KB-KN} 27. e5 Nb5 28. Be4 Nd4 29. b4 Ne2+ 30. Kf1 Nc3 31. Bg2 (31. Bxh7 $2 {is the wrong capture.} g6 32. e6 Ke7 $19) 31... Ke7 32. Ke1 Ke6 33. f4 Nd5 34. b5 $1 cxb5 35. Kd2 b4 36. Kd3 b5 (36... f6 $15 37. Kd4 fxe5+ 38. fxe5 Ne7 39. Bxb7 Nf5+ 40. Ke4 Nxg3+ 41. Kf3 Nh5) 37. Kd4 Nc3 38. Bf1 {[%emt 0:00:07] Against Ne2+} h5 39. Bd3 g6 40. g4 h4 41. f5+ gxf5 42. gxf5+ Ke7 43. Kc5 b3 {[%emt 0:13:49] [#] aiming for ...b2.} 44. Kb4 Nd5+ 45. Kxb3 Nf4 46. Bf1 {[%emt 0:00:43][%cal Ob3b4] White wants to play Kb4!} f6 (46... Nd5 $11 {keeps the balance.}) 47. e6 $16 Nxe6 48. fxe6 Kxe6 49. Bxb5 Kf7 50. Kc3 {[%emt 0:00:11] Weighted Error Value: White=0.04 (flawless) /Black=0.11 (very precise) .  Mistake:       	---       	Black=3      Inaccurate:     	White=3     	Black=1      OK:         	White=25    	Black=19     Best:        	White=4     	Black=2      Strong:       	White=1     	---} 1/2-1/2

[Event "45th FIDE Womens Olympiad 2024"]
[Site "Budapest"]
[Date "2024.09.16"]
[Round "6.2"]
[White "Kaslan, Victoria"]
[Black "Anahi, Rishit Shah"]
[Result "1-0"]
[ECO "C45"]
[WhiteElo "1726"]
[BlackElo "1513"]
[PlyCount "81"]
[EventDate "2024.09.05"]
[EventType "team-tourn"]
[EventCountry "HUN"]
[WhiteTeam "Suriname"]
[BlackTeam "Tanzania"]
[BlackTeamCountry "TAN"]
[TimeControl "40/5400+30:1800+30"]

1. e4 e5 2. Nf3 Nc6 3. d4 exd4 4. Nxd4 Nf6 5. Nxc6 bxc6 6. Bd3 Bc5 7. O-O O-O 8. e5 Nd5 9. Be4 Bb7 10. Qh5 g6 11. Qh6 Re8 12. Bxd5 cxd5 13. Bg5 Be7 14. Bxe7 Rxe7 15. f4 Qf8 16. Qh4 Qe8 17. Nc3 Bc6 18. Rad1 Re6 19. Nxd5 Bxd5 20. Rxd5 c6 21. Rd2 a6 22. Rfd1 Rd8 23. Rd3 Qf8 24. Rxd7 Rxd7 25. Rxd7 Re8 26. Rd6 c5 27. Qf2 Rb8 28. b3 Rc8 29. Qd2 Rb8 30. Rxa6 c4 31. Rd6 Qc8 32. b4 Kg7 33. a4 Qc7 34. a5 c3 35. Qd4 Ra8 36. Rd7 Qc6 37. e6+ Kh6 38. Rxf7 Qxe6 39. Qg7+ Kh5 40. Qxh7+ Kg4 41. Qh3# 1-0

[Event "45th FIDE Womens Olympiad 2024"]
[Site "Budapest"]
[Date "2024.09.16"]
[Round "6.3"]
[White "Divya, Deshmukh"]
[Black "Danielian, Elina"]
[Result "1-0"]
[ECO "C02"]
[WhiteElo "2483"]
[BlackElo "2393"]
[Annotator "TA"]
[PlyCount "79"]
[EventDate "2024.09.05"]
[EventType "team-tourn"]
[EventCountry "HUN"]
[SourceTitle "playchess.com"]
[Source "ChessBase"]
[SourceQuality "1"]
[WhiteTeam "India"]
[BlackTeam "Armenia"]
[WhiteTeamCountry "IND"]
[BlackTeamCountry "ARM"]
[TimeControl "40/5400+30:1800+30"]

1. e4 e6 2. d4 d5 3. e5 c5 4. c3 Nc6 5. Nf3 Bd7 6. Bd3 Qb6 7. O-O (7. dxc5 $1 $14 Bxc5 8. O-O) 7... cxd4 $11 8. Re1 Rc8 9. Nbd2 Nge7 {[%emt 0:15:59] The position is equal.} 10. Nb3 dxc3 11. bxc3 Na5 12. Rb1 Nxb3 13. Rxb3 Qc7 14. Qe2 Nc6 15. Ng5 $1 {[%emt 0:01:36][%cal Oe2h5] Black must now prevent Qh5!} Na5 $2 {[%emt 0:06:26] [#]} ({Black should try} 15... Be7 $11) 16. Rb1 (16. Qh5 $1 $16 Nxb3 17. Qxf7+ Kd8 18. axb3) 16... Bc6 (16... h5 $14) 17. Nxh7 $16 {[%emt 0:02:09] White has more active pieces. The black rooks are passive.} Be7 (17... Qd8 $16 18. Qg4 Nc4) 18. Qg4 $18 g6 (18... Rxh7 $142 19. Bxh7 Bf8) 19. Ng5 Bxg5 20. Bxg5 {[%emt 0:00:13][%cal Od3g6] Strongly threatening Bxg6!} Kd7 {[%emt 0:03:37][%cal Be8d7,Bd7c8,Bc8b8][%mdl 32] Black is weak on the dark squares} 21. c4 dxc4 {[%emt 0:01:23] [#]} 22. Bxg6 Rcf8 23. Be4 $36 {[%emt 0:01:40][%mdl 2048] Keeping Black busy. This pair of bishops is nice.} Kc8 {[%emt 0:00:20] Threatens to win with ...f5.} 24. Bf6 Rhg8 (24... Rfg8 $16 25. Qf3 Rh6) 25. Qf3 Kb8 26. h4 Rc8 27. h5 Bxe4 28. Rxe4 c3 29. h6 c2 30. Rc1 {[%emt 0:00:01] White is clearly winning.} Qd7 31. h7 Rh8 32. Bxh8 Rxh8 33. Qg4 {[%emt 0:00:58] aiming for Qg8+.} Qd2 34. Qg8+ Kc7 35. Ree1 Qd8 36. Rxc2+ Nc6 37. Qxf7+ Qd7 38. Qxd7+ Kxd7 39. Rd1+ Ke7 40. Rb1 {[%emt 0:00:07] Weighted Error Value: White=0.19 (very precise) /Black=0.46.  Mistake:       	White=1     	Black=5      Inaccurate:     	White=1     	Black=4      OK:         	White=10    	Black=6      Best:        	White=1     	Black=2      Strong:       	White=1     	---        Brilliant:      	White=1     	---} 1-0

[Event "45th FIDE Womens Olympiad 2024"]
[Site "Budapest"]
[Date "2024.09.16"]
[Round "6.3"]
[White "Samson, Bertha"]
[Black "Kaslan, Alexandra"]
[Result "0-1"]
[ECO "C01"]
[WhiteElo "1459"]
[BlackElo "1675"]
[PlyCount "72"]
[EventDate "2024.09.05"]
[EventType "team-tourn"]
[EventCountry "HUN"]
[WhiteTeam "Tanzania"]
[BlackTeam "Suriname"]
[WhiteTeamCountry "TAN"]
[TimeControl "40/5400+30:1800+30"]

1. e4 e6 2. d4 d5 3. exd5 exd5 4. Nf3 Bd6 5. Bd3 Nf6 6. O-O O-O 7. Bg5 Be6 8. c3 Nbd7 9. Qc2 h6 10. Bh4 c6 11. Nbd2 Qc7 12. h3 Nh5 13. Rfe1 Nf4 14. Re3 Nxd3 15. Qxd3 Bf4 16. Re2 Qb6 17. Qc2 Rfe8 18. Rae1 Qc7 19. a3 Rac8 20. b4 b6 21. Nb3 Bd6 22. Re3 c5 23. dxc5 bxc5 24. b5 Nb6 25. R3e2 Bd7 26. Nfd2 Rxe2 27. Rxe2 Bxb5 28. Re1 Re8 29. Rxe8+ Bxe8 30. c4 dxc4 31. Nxc4 Nxc4 32. Qxc4 Qb6 33. Nd2 Qa5 34. Qd3 Qc7 35. f3 Qd7 36. Bf2 Bh2+ {0-} 0-1

[Event "45th FIDE Womens Olympiad 2024"]
[Site "Budapest"]
[Date "2024.09.16"]
[Round "6.4"]
[White "Sargsyan, Anna M."]
[Black "Tania, Sachdev"]
[Result "1/2-1/2"]
[ECO "C54"]
[WhiteElo "2364"]
[BlackElo "2386"]
[Annotator "TA"]
[PlyCount "121"]
[EventDate "2024.09.05"]
[EventType "team-tourn"]
[EventCountry "HUN"]
[SourceTitle "playchess.com"]
[Source "ChessBase"]
[SourceQuality "1"]
[WhiteTeam "Armenia"]
[BlackTeam "India"]
[WhiteTeamCountry "ARM"]
[BlackTeamCountry "IND"]
[TimeControl "40/5400+30:1800+30"]

1. e4 e5 2. Nf3 Nc6 3. Bc4 Nf6 4. d3 Bc5 5. c3 d6 6. O-O a5 7. Re1 Ba7 8. Bb3 h6 9. Be3 O-O 10. Bxa7 Rxa7 11. h3 Nh5 12. Nxe5 Nxe5 13. Qxh5 Nxd3 14. Re3 Nf4 15. Qf3 Qg5 16. Kh1 a4 17. Bc2 Bd7 18. Nd2 Raa8 19. Rae1 Bc6 20. Qg4 Qxg4 21. hxg4 Rfe8 22. g3 Ne6 23. Kg1 Nc5 24. Nf3 Ne6 ({Better is} 24... Bd7 $15 25. g5 hxg5 26. Nxg5 g6) 25. Nh4 g6 26. f4 Kg7 27. e5 dxe5 28. f5 (28. Rxe5 $11 Rad8 29. Be4 (29. Nxg6 Rd2 $17) 29... Bxe4 30. R5xe4) 28... Nf8 $15 29. Rxe5 (29. fxg6 $15 fxg6 30. Rxe5) 29... Rxe5 $17 30. Rxe5 Kf6 31. Re2 Re8 32. Rd2 {[%emt 0:00:45] [#]} ({White should play} 32. Rxe8 $15 Bxe8 33. Kg2) 32... a3 $1 $17 33. bxa3 Re3 34. fxg6 fxg6 (34... Rxg3+ 35. Kh2 Rxg4 (35... Rxc3 $2 36. Rf2+ $18) 36. Rf2+ Kg7 37. Kh3 (37. Rxf7+ Kg8 $14) 37... Rxh4+ 38. Kxh4 fxg6 39. Kg3 $18) 35. Kh2 Rxc3 36. Rf2+ {[%emt 0:00:05] [#]} Kg5 $1 37. Kh3 (37. a4 $17 {was necessary.}) 37... h5 (37... Ne6 $19 {...Nd4 is the strong threat.} 38. Bxg6 Nd4) 38. gxh5 $15 gxh5 39. Bd1 Bd7+ 40. Kh2 Ng6 41. Rf7 (41. Nf3+ $142 Kh6 42. Rc2 Rxa3 43. Rxc7) 41... Ne5 $17 42. Nf3+ Nxf3+ 43. Bxf3 (43. Rxf3 $142 Rc1 44. Rd3) 43... Be6 $19 ({And not} 43... Rxa3 44. Rxd7 Rxf3 45. Rxc7 $11) 44. Rf8 Rxa3 $2 (44... b5 $19 {has better winning chances.} 45. Bg2 Rxa3 (45... Bxa2 $2 46. Re8 $19)) 45. Bxb7 $17 Rxa2+ ({Don't play} 45... Bxa2 46. Kg2 $15) 46. Kg1 c5 47. Rf2 Rxf2 ({Black should try} 47... Ra7 $17 48. Rb2 c4 49. Rb5+ Kg4) 48. Kxf2 $15 c4 49. Ke3 Bf5 50. Bf3 c3 51. Be2 Be4 52. Bb5 Bg6 53. Be2 Be4 54. Bb5 $1 Bf5 55. Be2 Bg4 (55... Kg6 $17) 56. Bb5 $11 Bd1 (56... c2 $5 57. Kd2 $8 Bf5 $11) 57. Kd3 Kg4 (57... c2 $5 58. Kd2 $8 Kg4 $11) 58. Be8 $1 Kxg3 (58... c2 $5 59. Kd2 $8 Kg5 $11 (59... Kxg3 60. Bxh5 Bxh5 61. Kxc2 $11)) 59. Bxh5 $1 c2 60. Kd2 $1 Bxh5 61. Kxc2 1/2-1/2

[Event "45th FIDE Womens Olympiad 2024"]
[Site "Budapest"]
[Date "2024.09.16"]
[Round "6.5"]
[White "Gaal, Zsoka"]
[Black "Cori T., Deysi"]
[Result "1-0"]
[ECO "A50"]
[WhiteElo "2385"]
[BlackElo "2366"]
[Annotator "TA"]
[PlyCount "51"]
[EventDate "2024.09.05"]
[EventType "team-tourn"]
[EventCountry "HUN"]
[SourceTitle "playchess.com"]
[Source "ChessBase"]
[SourceQuality "1"]
[WhiteTeam "Hungary"]
[BlackTeam "Peru"]
[WhiteTeamCountry "HUN"]
[BlackTeamCountry "PER"]
[TimeControl "40/5400+30:1800+30"]

1. d4 e6 2. c4 b6 3. a3 Bb7 4. Nc3 Nf6 5. d5 exd5 6. cxd5 Bd6 7. Nf3 {[%emt 0:02:12] Prevents Be5} O-O 8. Bg5 h6 9. h4 {[%emt 0:00:37][%cal Od1c2] White is slightly better.} c5 {[%emt 0:14:47] [#]} (9... hxg5 $11 10. hxg5 Nh7) 10. Qc2 Be7 $1 $14 {[%emt 0:08:38][%cal Of6d5] [#]} 11. O-O-O $1 {[%emt 0:05:17][%cal Od5d6] Threatens to win with d6!} d6 $1 12. e3 a6 {[%emt 0:05:28] [#]} (12... Nbd7 $11) 13. g4 $1 $36 {[%emt 0:15:44][%mdl 2048] White has the initiative.} Nxg4 {[%emt 0:05:02][%cal Ob6b5] [#]} 14. Bd3 {[%emt 0:01:09][%cal Od1g1] Hoping for Rdg1! White is more active.} Bc8 (14... hxg5 $2 15. hxg5 $18) ({Black should try} 14... Nd7 $1 $11) 15. Bxe7 (15. Bh7+ Kh8 16. Rdg1 g6 (16... hxg5 $2 17. hxg5 $18) 17. Bxh6 Nxh6 $15) (15. Bf5 $1 $14 {stays ahead.} f6 (15... hxg5 $2 16. Bh7+ Kh8 17. hxg5 $18) 16. Bxg4 Bxg4 (16... fxg5 $2 17. Be6+ Bxe6 18. dxe6 $18) 17. Bxh6) 15... Qxe7 $17 16. Ng5 Ne5 $2 (16... hxg5 17. Bh7+ Kh8 18. hxg5 $16) (16... Nd7 $17 {[%cal Od7f6] stays on course. aiming for ...Ndf6!} 17. Bxa6 hxg5 18. hxg5 g6 (18... Bxa6 19. Qh7#) 19. Bxc8 Rfxc8) 17. Bxa6 $1 $16 hxg5 {[%emt 0:09:39] [#]} (17... g6 $142 18. Bxc8 Rxc8) 18. hxg5 $1 Ng6 (18... Nxa6 19. Qh7#) 19. Bd3 ({White must play} 19. Bxc8 $16 {[%cal Oc8e6] Be6! would now be deadly.} Rxc8 20. Rh3) 19... Qe5 {[%emt 0:03:04][%mdl 8192] Loses the game.} (19... Qxg5 20. f4 Qe7 21. Qe2 $11) (19... Nd7 $1 $15 {keeps the upper hand.}) 20. Ne4 $18 {[%emt 0:04:09] Strongly threatening f4.} c4 $2 {[%emt 0:02:26] [#]} (20... Qxd5 $2 {too greedy.} 21. Nf6+ gxf6 22. Bxg6 $18) (20... Rxa3 21. bxa3 c4 22. Nf6+ (22. Qxc4 Bg4 $18) (22. Bxc4 Bf5 $16) 22... gxf6 23. Bxg6 fxg5) 21. f4 $1 Nxf4 22. exf4 Qxf4+ 23. Qd2 Qxd2+ 24. Rxd2 {[%emt 0:00:09][%cal Od2h2] White wants to mate with Rdh2!} f5 {[%emt 0:00:30][%cal Bf7f5,Bf5e4][%mdl 32] [#]} 25. g6 $1 {[%emt 0:02:14][%cal Od2h2] Rdh2! would kill now.} fxe4 {[%emt 0:00:34] [#]} (25... Rd8 26. Ng5) 26. Rdh2 $1 {[%emt 0:00:11] Weighted Error Value: White=0.40/Black=0.99.  Loses game:     	---       	Black=1      Mistake:       	White=4     	Black=6      Inaccurate:     	White=2     	---        OK:         	White=5     	Black=2      Best:        	---       	Black=1      Strong:       	White=2     	Black=2} 1-0

[Event "45th FIDE Womens Olympiad 2024"]
[Site "Budapest"]
[Date "2024.09.16"]
[Round "6.6"]
[White "Aliaga Fernandez, Ingrid Y"]
[Black "Hoang, Thanh Trang"]
[Result "1/2-1/2"]
[ECO "C11"]
[WhiteElo "2111"]
[BlackElo "2351"]
[Annotator "TA"]
[PlyCount "77"]
[EventDate "2024.09.05"]
[EventType "team-tourn"]
[EventCountry "HUN"]
[SourceTitle "playchess.com"]
[Source "ChessBase"]
[SourceQuality "1"]
[WhiteTeam "Peru"]
[BlackTeam "Hungary"]
[WhiteTeamCountry "PER"]
[BlackTeamCountry "HUN"]
[TimeControl "40/5400+30:1800+30"]

1. e4 e6 2. d4 d5 3. Nc3 Nf6 4. e5 Nfd7 5. f4 c5 6. Nf3 Nc6 7. Be3 a6 8. Qd2 b5 9. dxc5 Bxc5 10. Bxc5 Nxc5 11. Qf2 Qb6 12. Bd3 b4 13. Ne2 a5 14. O-O Ba6 15. Rfd1 h6 16. Nfd4 Ne7 17. h3 (17. Nb3 $11 Na4 18. Qxb6 Nxb6 19. Nbd4) 17... O-O $15 {[%emt 0:06:02] Black is slightly better.} 18. Qe3 Rfc8 19. Rf1 Na4 20. Rab1 Ra7 21. Rf3 Bxd3 (21... Bc4 {with more complications.} 22. g4 Bxa2 23. Ra1 Nxb2 24. Nb5 d4) 22. cxd3 Rac7 23. Kh2 (23. g4 $1 $14 {should be considered.}) 23... Nc6 24. Rg3 Ne7 {[%emt 0:05:50] Prevents f5.} 25. b3 Nc5 26. Rf1 Nd7 27. f5 $1 Nxf5 28. Nxf5 {[%emt 0:00:16][%cal Oe3h6] Qxh6! would kill now.} exf5 (28... Qxe3 $16 29. Nxe3 Nxe5) 29. Nd4 $18 Re8 30. Rxf5 {[%emt 0:00:05] Qf4 is the strong threat.} (30. Nxf5 Qxe3 (30... Rxe5 $2 {too greedy.} 31. Rxg7+ Kh8 32. Qg3 $18) 31. Rxe3 Rxe5 $16 (31... Nxe5 32. Rfe1 $16)) 30... Nf8 $2 {[%emt 0:01:04] [#]} (30... Re6 31. Qf4 Rg6) 31. Rxg7+ $3 Kxg7 32. Rf6 Qb8 33. Qxh6+ Kg8 {[%emt 0:00:06] [#]} 34. Nf5 $1 Ne6 {[%emt 0:00:12] [#]} 35. Rxe6 $2 fxe6 $11 {[%emt 0:00:11] The position is equal.} 36. Qg6+ Kh8 37. Qf6+ Kg8 38. Qg6+ Kh8 39. Qf6+ {[%emt 0:00:06] Weighted Error Value: White=0.37/Black=0.49.  Mistake:       	White=2     	Black=2      Inaccurate:     	---       	Black=7      OK:         	White=8     	Black=7      Best:        	White=1     	---        Strong:       	White=1     	---        Brilliant:      	White=1     	---} 1/2-1/2

[Event "45th FIDE Womens Olympiad 2024"]
[Site "Budapest"]
[Date "2024.09.16"]
[Round "6.7"]
[White "Terbe, Julianna"]
[Black "Contreras Huaman, Fiorella"]
[Result "1/2-1/2"]
[ECO "D13"]
[WhiteElo "2245"]
[BlackElo "2168"]
[Annotator "TA"]
[PlyCount "144"]
[EventDate "2024.09.05"]
[EventType "team-tourn"]
[EventCountry "HUN"]
[SourceTitle "playchess.com"]
[Source "ChessBase"]
[SourceQuality "1"]
[WhiteTeam "Hungary"]
[BlackTeam "Peru"]
[WhiteTeamCountry "HUN"]
[BlackTeamCountry "PER"]
[TimeControl "40/5400+30:1800+30"]

1. d4 d5 2. c4 c6 3. cxd5 cxd5 4. Nc3 Nf6 5. Bf4 Nc6 6. e3 a6 7. Be2 e6 8. Nf3 Bd6 9. Bxd6 Qxd6 10. O-O O-O 11. Rc1 b5 12. a4 b4 13. Nb1 Bd7 14. Nbd2 Na5 15. Ne5 Rfc8 16. Rxc8+ Rxc8 17. Bd3 Be8 18. f4 b3 19. Nxb3 Bxa4 20. Qa1 Nxb3 21. Qxa4 Qb6 22. Nd7 (22. Bxa6 $2 Ra8 23. Qb5 Rxa6 $19) (22. Qxa6 {simplifies} Qxa6 23. Bxa6 Rc2 24. Rb1) 22... Nxd7 23. Qxd7 Rb8 {[%emt 0:16:27][%cal Ob3d4] ...Nxd4! would now be deadly.} 24. f5 Nxd4 $2 25. fxe6 $2 (25. exd4 $18 {aiming for fxe6.} Qxd4+ 26. Rf2) 25... Qxe6 $11 26. Qxe6 ({Don't go for} 26. Rxf7 $2 Qxe3+ (26... Qxf7 $2 {loses.} 27. Bxh7+ Kxh7 28. Qxf7 $18) 27. Kh1 Qxd3 $19) 26... Nxe6 27. Bxa6 Rxb2 {[%emt 0:00:24][%mdl 4096] Endgame. KRB-KRN} 28. Rd1 $1 {[%emt 0:00:07] Against Rd2} Rb6 29. Be2 Rd6 30. Bf3 d4 31. exd4 Rxd4 32. Ra1 g6 33. g3 h5 34. h4 Rd3 35. Kf2 Nd4 36. Ra8+ Kg7 37. Be4 Rc3 38. Ra7 Ne6 39. Bd5 Rc7 40. Ra2 Nd4 41. Be4 Re7 42. Bd3 Re6 43. Ra4 Rf6+ 44. Kg2 Nf3 {[%emt 0:02:48] White must now prevent ...Ne1+.} 45. Be4 Ne5 46. Ra3 Rb6 47. Bd5 Rb2+ 48. Kg1 Rd2 49. Be4 Rd4 50. Re3 Ng4 51. Re2 f5 52. Bf3 Kf6 (52... Rd3 $5 53. Kg2 $8 Nh6 $11) 53. Bxg4 Rxg4 $15 {[%emt 0:00:08] KR-KR} 54. Kf2 {[%emt 0:01:37] [#]} f4 $1 55. gxf4 Rxh4 (55... Kf5 $5 56. Kf3 $8 Rxf4+ 57. Kg3 Re4 $11) 56. Kg3 {[%emt 0:00:23] Repels Rh2} Rg4+ 57. Kf3 {[%emt 0:00:05] [#]} Rg1 $1 {[%emt 0:00:47] Against Re1} 58. Ra2 h4 ({Black should play} 58... Rb1 $17) 59. Ra7 $11 {[%emt 0:03:11] The position is equal.} Rg3+ 60. Ke4 $1 h3 61. Rh7 Rb3 62. Rh8 $1 Ke6 (62... Kg7 $5 63. Rh4 $8 Kf6 $17) 63. Rh7 Kf6 64. Rh8 Kg7 65. Rh4 Rg3 66. Ke5 Re3+ 67. Kd4 Ra3 68. Ke4 Rg3 69. Ke5 Rb3 (69... Re3+ 70. Kd4 Rb3 71. Ke5 $17) 70. Ke4 g5 71. Rh5 Rb4+ (71... g4 $5 72. Rg5+ $8 Kh6 73. Rxg4 Kh5 $11) 72. Kf5 Rxf4+ {[%emt 0:00:21] Weighted Error Value: White=0.13 (very precise) /Black=0.13 (very precise) .  Loses game:     	---       	Black=1      Missed win:     	White=1     	---        Mistake:       	---       	Black=1      Inaccurate:     	White=4     	Black=2      OK:         	White=25    	Black=21     Best:        	White=6     	---        Strong:       	White=3     	Black=2} 1/2-1/2